 Dungeon Crawl Stone Soup version 0.25-a0-86-ga6f17ae7d4 (webtiles) character file.

Game seed: 648788700251116248, levelgen mode: deterministic

169 Conn the Sneak (level 5, -4/32 HPs)
             Began as an Octopode Fire Elementalist on Nov 9, 2019.
             Killed by nerve-wracking pain
             ... invoked by Grinder
              (10 damage)
             ... on level 3 of the Dungeon.
             The game lasted 00:06:16 (2567 turns).

Conn the Sneak (Octopode Fire Elementalist)         Turns: 2567, Time: 00:06:17

Health: -4/32      AC:  1    Str:  8    XL:     5   Next: 50%
Magic:  5/9        EV: 13    Int: 18    God:
Gold:   148        SH:  0    Dex: 12    Spells: 3/10 levels left

rFire    + . .     SeeInvis .   r - +0 dagger (speed)
rCold    + . .     Gourm    .   (no shield)
rNeg     . . .     Faith    .   (helmet restricted)
rPois    +         Spirit   .   (no amulet)
rElec    +         Reflect  .   (no ring)
rCorr    +         Harm     .   (no ring)
MR       .....                  (no ring)
Stlth    +++.......             (no ring)
HPRegen  0.10/turn              (no ring)
MPRegen  0.11/turn              (no ring)
                                (no ring)
                                (no ring)

@: resistant
A: almost no armour, stealthy swim, amphibious, 8 rings, constrict 8, camouflage
1, gelatinous body 1
a: no special abilities


You were on level 3 of the Dungeon.
You were not hungry.

You visited 1 branch of the dungeon, and saw 3 of its levels.

You collected 148 gold pieces.

Inventory:

Hand Weapons
 h - a +0 dagger
 l - a +0 short sword
 r - a +0 dagger of speed (weapon)
Missiles
 c - 23 poisoned darts (quivered)
 p - 4 javelins
Wands
 s - a wand of digging (5)
Scrolls
 d - 4 scrolls of remove curse {unknown}
 e - a scroll of identify {unknown}
 j - a scroll of fog {unknown}
 k - a scroll of blinking {unknown}
 t - a scroll of magic mapping {unknown}
 v - a scroll of teleportation {unknown}
Potions
 f - a potion of magic
 g - a potion of invisibility {unknown}
 i - a potion of flight {unknown}
 m - a potion of lignification {unknown}
 n - 2 potions of heal wounds {unknown}
 o - a potion of brilliance {unknown}
 q - a potion of agility {unknown}
Comestibles
 b - 5 rations
 u - 2 chunks of flesh


   Skills:
 + Level 0.3 Fighting
 + Level 1.0 Short Blades
 + Level 2.3 Dodging
 + Level 4.0 Stealth
 + Level 3.1 Spellcasting
 + Level 1.9 Conjurations
 + Level 4.0 Fire Magic


You had 3 spell levels left.
You knew the following spells:

 Your Spells              Type           Power        Failure   Level  Hunger
a - Flame Tongue          Conj/Fire      ##...        4%          1    None
b - Conjure Flame         Conj/Fire      ##......     14%         3    ###....
c - Inner Flame           Hex/Fire       ##......     22%         3    ###....

Your spell library contained the following spells:

 Spells                   Type           Power        Failure   Level  Hunger
 Throw Flame              Conj/Fire      ##....       7%          2    ##.....
 Confusing Touch          Hex            #.....       16%         1    None
 Confuse                  Hex            #.......     43%         3    ###....
 Gell's Gravitas          Tloc           #.........   43%         3    ###....
 Sticky Flame             Conj/Fire      ##......     43%         4    ####...
 Fireball                 Conj/Fire      ##........   78%         5    ######.
 Petrify                  Tmut/Erth      #.......     85%         4    ####...
 Metabolic Englaciation   Hex/Ice        #.........   99%         5    ######.
 Yara's Violent Unravell  Hex/Tmut       #.........   99%         5    ######.


Dungeon Overview and Level Annotations

Branches:
Dungeon (3/15)

Altars:

Annotations:
D:3 Grinder


Innate Abilities, Weirdness & Mutations

You cannot wear most types of armour.
You are very stealthy in the water. (Stealth+)
You are amphibious.
You can wear up to eight rings at the same time.
You can use your tentacles to constrict eight enemies at once.
Your skin changes colour to match your surroundings (Stealth+).
Your rubbery body absorbs attacks. (AC +1, EV +1)


Message History

Casting: Flame Tongue (safe; 4% risk of failure)
Confirm with . or Enter, or press ? or * to list all spells.
Aiming: Flame Tongue (safe; 4% risk of failure)
Press: ? - help, Shift-Dir - straight line, f/p - worm
Aim: a worm (moderately wounded, inner flame)
The flame tongue hits the worm.
The worm is heavily wounded.
Grinder gestures at you.
You suddenly lose the ability to move!
Grinder blinks!
The worm bites you! The worm completely misses you. The worm bites you.
* * * LOW HITPOINT WARNING * * *
You can move again.
Okay, then.
Okay, then.
Grinder gestures at you. Pain shoots through your body!
You die...

....... .. ......[
#.# ....... ##..##
....... ..%..
.......####.##.#
.........5..#..#
..?.....#w.##.# ##
..........@...## #..
.. ..?....#####...#
#.# ... ......#
##[.## #.#... .....#
#...###.#.# #.###
#.#....... .
#######.##..#.#######
...........[......<..
.........##...#######
###.##.....รท...#


You could see Grinder and a worm (inner flame).

Vanquished Creatures
  Ijyb (D:3)
  Jessica (D:2)
  Robin (D:2)
  3 adders (D:2)
  A howler monkey skeleton (D:3)
  An ooze (D:2)
  A worm (D:2)
  A dart slug (D:1)
  4 leopard geckos
  18 goblins
  7 hobgoblins
  A quokka (D:2)
  2 ball pythons
  2 bats
  2 frilled lizards (D:2)
  6 kobolds
  4 rats
56 creatures vanquished.

Notes
Turn   | Place    | Note
-------+----------+-------------------------------------------
     0 | D:1      | Conn the Octopode Fire Elementalist began the quest for the
                  | Orb.
     0 | D:1      | Reached XP level 1. HP: 11/11 MP: 3/3
   296 | D:1      | Reached XP level 2. HP: 10/17 MP: 0/5
   953 | D:2      | Reached XP level 3. HP: 15/21 MP: 4/6
  1209 | D:2      | Learned a level 3 spell: Conjure Flame
  1213 | D:2      | Found a faded altar of an unknown god.
  1218 | D:2      | Noticed Jessica
  1225 | D:2      | Killed Jessica
  1225 | D:2      | Reached XP level 4. HP: 27/27 MP: 2/7
  1510 | D:2      | Noticed Robin
  1836 | D:2      | Killed Robin
  2013 | D:2      | Reached XP level 5. HP: 26/31 MP: 6/9
  2310 | D:2      | Learned a level 3 spell: Inner Flame
  2338 | D:3      | Noticed Ijyb
  2361 | D:3      | Killed Ijyb
  2361 | D:3      | Reached skill level 1 in Short Blades
  2548 | D:3      | Noticed Grinder
  2561 | D:3      | Paralysed by Grinder for 6 turns
  2567 | D:3      | Killed from afar by Grinder

Levels and vault maps discovered:
D:1:      saegor_arrival_simple_d, layout_loops_ring, dk_noncrumbling_4,
          minmay_indecisive_spiral
D:2:      layout_loops_ring, chequers_ecumenical_altar_island, uniq_jessica,
          uniq_robin
D:3:      layout_rooms, lemuel_crystal_altar, uniq_grinder, uniq_ijyb

Skill      XL: |  1  2  3  4  5 |
---------------+----------------+-----
Stealth        | 3 4 |  4.0
Spellcasting   | 3 |  3.1
Short Blades   | 1 |  1.0
Fire Magic     | 4 |  4.0
Fighting       | |  0.3
Dodging        | |  2.3
Conjurations   | |  1.9

Action                   |  1- 3 |  4- 6 || total
-------------------------+-------+-------++-------
Melee: Unarmed           |     4 |       ||     4
       Constrict         |     2 |    10 ||    12
       Tentacles         |     2 |     7 ||     9
       Short sword       |     3 |     7 ||    10
       Dagger            |       |    31 ||    31
Throw: Dart              |       |     2 ||     2
 Cast: Flame Tongue      |    25 |    49 ||    74
       Conjure Flame     |       |     1 ||     1
       Inner Flame       |       |     1 ||     1
  Use: Potion            |       |     2 ||     2
 Stab: Sleeping          |     3 |     1 ||     4
  Eat: Chunk             |     1 |     4 ||     5
Armor: Skin              |       |     1 ||     1
Dodge: Dodged            |     9 |    44 ||    53

Table legend:
 A = Non-vault XP
 B = Vault XP
 C = Vault XP percentage of total XP
 D = Non-vault monster count
 E = Vault monster count
 F = Vault count percentage of total count
                 A         B        C        D         E       F
            +---------+---------+-------+---------+---------+-------
      Total |     126 |     116 |  47.9 |      38 |      18 |  32.1
            +---------+---------+-------+---------+---------+-------
        D:1 |      19 |       7 |  26.9 |      10 |       4 |  28.6
        D:2 |      82 |      71 |  46.4 |      21 |      13 |  38.2
        D:3 |      25 |      38 |  60.3 |       7 |       1 |  12.5
            +---------+---------+-------+---------+---------+-------
